 Dungeon Crawl Stone Soup version 0.31-a0-948-gf5be29c462 (webtiles) character file.

Game seed: 8710194938214402942

1453 Arzdou the Changeling (level 8, -2/60 HPs)
             Began as an Octopode Shapeshifter on Oct 21, 2023.
             Was an Initiate of Gozag.
             Slain by Duvessa
             ... wielding a +0 short sword
              (12 damage)
             ... on level 7 of the Dungeon.
             The game lasted 00:18:24 (4939 turns).

Arzdou the Changeling (Octopode Shapeshifter)       Turns: 4939, Time: 00:18:26

Health: -2/60      AC:  1    Str: 19    XL:     8   Next: 75%
Magic:  17/17      EV: 13    Int: 15    God:    Gozag
Gold:   291        SH:  0    Dex: 14    Spells: 7/7 levels left

rFire   . .          .
                       - Unarmed
rCold   . . .        (no shield)
rNeg    . . .        (helmet currently unavailable)
rPois   .            d - amulet of regeneration
rElec   .            o - ring "Vicvyrim" {Str+6 Dex+3}
rCorr   .            j - ring of magical power
SInv    .            (no ring)
Will    .....        (no ring)
Stlth   ++           (no ring)
HPRegen 1.10/turn    (no ring)
MPRegen 0.15/turn    (no ring)
                     (no ring)

%: no passive effects
@: beast-form
A: beast (slay +4), almost no armour, amphibious, 8 rings, camouflage 1,
gelatinous body 1, (nimble swimmer 1), tentacles
a: Begin Untransformation, Renounce Religion, Potion Petition, Call Merchant,
Bribe Branch


You were on level 7 of the Dungeon.
You worshipped Gozag.
Gozag was aware of your devotion.
You were a hulking beast.
You visited 2 branches of the dungeon, and saw 8 of its levels.

You collected 363 gold pieces.
You paid 72 gold pieces to Gozag.

Inventory:

Jewellery
 d - an amulet of regeneration (around mantle)
 j - a ring of magical power (right tentacle)
 o - the ring "Vicvyrim" (left tentacle) {Str+6 Dex+3}
   (You found it on level 2 of the Dungeon)

   [ring of strength]

   Str+6:     It affects your strength (+6).
   Dex+3:     It affects your dexterity (+3).
Talismans
 b - a beast talisman (active)
 c - a flux talisman
Wands
 r - a wand of paralysis (7) (quivered)
Scrolls
 a - 2 scrolls of identify
 h - 2 scrolls of vulnerability {unknown}
 k - a scroll of amnesia {unknown}
 l - 2 scrolls of teleportation
 n - a scroll of fear {unknown}
 p - a scroll of brand weapon {unknown}
 q - 2 scrolls of poison
 t - a scroll of revelation {unknown}
 u - a scroll of silence {unknown}
 w - a scroll of enchant weapon {unknown}
Potions
 e - 2 potions of brilliance {unknown}
 f - 2 potions of heal wounds {unknown}
 g - a potion of curing
 i - 2 potions of haste {unknown}
 m - 2 potions of resistance {unknown}
 s - a potion of enlightenment {unknown}
 v - a potion of invisibility {unknown}


   Skills:
 - Level 7.0 Fighting
 - Level 2.3 Dodging
 + Level 4.7 Unarmed Combat
 - Level 7.0 Shapeshifting


You had 7 spell levels left.
You didn't know any spells.
Your spell library contained the following spells:

 Spells                   Type           Power      Damage    Failure   Level
 Leda's Liquefaction      Hex/Erth       0%         N/A       95%         4
 Lee's Rapid Deconstruct  Erth           0%         3d4*      100%        5
 Bombard                  Conj/Erth      0%         9d1       100%        6


Dungeon Overview and Level Annotations

Branches:
Dungeon (7/15)             Temple (1/1) D:6

Altars:
Ashenzari
Cheibriados
Dithmenos
Elyvilon
Fedhas
Gozag
Makhleb
Nemelex Xobeh
Okawaru
Qazlal
Ru
Sif Muna
Trog
Uskayaw
Vehumet
Wu Jian
Xom
Yredelemnul
Zin
The Shining One

Shops:
D:1 =   D:3 ==!(   D:6 =*

Annotations:
D:4 exclusion: downstairs
D:6 1 exclusion, Maggie, Pikel
D:7 1 exclusion, Duvessa


Innate Abilities, Weirdness & Mutations

You are a hulking beast.
Your limbs bulge with bestial killing power. (Slay +4)
You cannot wear most types of armour.
You are amphibious.
You can wear up to eight rings at the same time.
Your skin changes colour to match your surroundings (Stealth+).
Your rubbery body absorbs attacks. (AC +1, EV +1)
((You are camouflaged when in or above water. (Stealth+)))
You have tentacles for arms and can constrict up to eight enemies at once.


Message History

Aiming: Paralyse
Press: ? - help, Shift-Dir - straight line, f/p - Duvessa
Aim: Duvessa, wielding a +0 short sword and wearing a +0 leather armour (berserk, chance to affect: 31%) Duvessa easily resists.
Aiming: Paralyse
Press: ? - help, Shift-Dir - straight line, f/p - Duvessa
Aim: Duvessa, wielding a +0 short sword and wearing a +0 leather armour (berserk, chance to affect: 31%) Duvessa easily resists.
Aiming: Paralyse
Press: ? - help, Shift-Dir - straight line, f/p - Duvessa
Aim: Duvessa, wielding a +0 short sword and wearing a +0 leather armour (berserk, chance to affect: 31%) Duvessa easily resists.
Duvessa barely misses you.
You tentacle-slap Duvessa but do no damage.
You grab Duvessa.
You constrict Duvessa, but do no damage.
Duvessa barely misses you. Duvessa closely misses you.
Unknown command.
You tentacle-slap Duvessa.
Duvessa is lightly wounded.
You constrict Duvessa. Duvessa hits you with a +0 short sword.
Unknown command.
You tentacle-slap Duvessa but do no damage.
You squeeze Duvessa.
Duvessa is moderately wounded.
You constrict Duvessa, but do no damage.
Duvessa closely misses you. Duvessa hits you with a +0 short sword!
You tentacle-slap Duvessa. You squeeze Duvessa.
Duvessa is heavily wounded.
You constrict Duvessa. Duvessa hits you with a +0 short sword.
You bludgeon Duvessa! You tentacle-slap Duvessa.
You squeeze Duvessa, but do no damage.
Duvessa is severely wounded.
You constrict Duvessa. Duvessa hits you with a +0 short sword!
You tentacle-slap Duvessa.
Duvessa is almost dead.
You constrict Duvessa. Duvessa hits you with a +0 short sword!
* * * LOW HITPOINT WARNING * * *
Duvessa hits you with a +0 short sword!
You die...
Your body crumbles into a pile of gold.

..##.##+####'#####.##..##
.........................
........................
........................
.####...###..##...##..##
##...# #..########'##
+....# ....# .......
#....#.....'. .......
#...h'.....#.........
####e####.####....### #.#
.... # ... ... . .... ..
.. #..... ... #.....
'.....


You could see Duvessa (berserk).

Vanquished Creatures
  A yak (D:4)
  2 water moccasins
  A sky beast (D:6)
  3 black bears
  An orc warrior (D:7)
  An ogre (D:5)
  A bullfrog (D:6)
  Dowan (D:7)
  A jelly (D:6)
  A hound (D:4)
  A sleepcap (D:3)
  5 iguanas
  Robin (D:2)
  9 adders
  5 gnolls
  A shadow imp (D:5)
  A white imp (D:6)
  A worm (D:3)
  7 orcs
  4 endoplasms
  4 giant cockroaches
  14 goblins
  3 hobgoblins (D:2)
  9 jackals
  7 quokkas
  7 ball pythons
  6 bats
  3 frilled lizards
  6 kobolds
  3 rats
110 creatures vanquished.

Notes
Turn   | Place    | Note
-------+----------+-------------------------------------------
     0 | D:1      | Arzdou the Octopode Shapeshifter began the quest for the
                  | Orb.
     0 | D:1      | Reached XP level 1. HP: 13/13 MP: 1/1
   129 | D:1      | Reached XP level 2. HP: 17/18 MP: 2/2
   156 | D:1      | Found Icosmowk's Jewellery Emporium.
   855 | D:2      | Reached XP level 3. HP: 21/23 MP: 3/3
   889 | D:2      | Noticed Robin
   920 | D:2      | Killed Robin
  1501 | D:2      | Identified the ring "Vicvyrim" {Str+6 Dex+3}
  1584 | D:3      | Found Owkifole's Antique Weapon Boutique.
  1584 | D:3      | Found Nuvuis's Distillery.
  1609 | D:3      | Reached XP level 4. HP: 28/28 MP: 4/4
  1752 | D:3      | Found Qixtam's Jewellery Emporium.
  1808 | D:3      | Reached XP level 5. HP: 28/33 MP: 5/5
  1831 | D:3      | Found Ysyogh's Jewellery Shop.
  1972 | D:4      | Reached skill level 5 in Shapeshifting
  2117 | D:4      | Noticed a sky beast
  2489 | D:4      | Noticed a black bear
  2646 | D:4      | Killed a black bear
  2647 | D:4      | Reached XP level 6. HP: 18/38 MP: 6/6
  2773 | D:4      | Found a faded altar of an unknown god.
  2773 | D:4      | Noticed a yak
  2773 | D:4      | Found the Hermit's Pendant {Faith Invo=14 Evo=0 MP+5}
  2799 | D:5      | Entered Level 5 of the Dungeon
  2868 | D:4      | Killed a yak
  2869 | D:4      | Reached XP level 7. HP: 26/43 MP: 7/7
  3732 | D:6      | Found a staircase to the Ecumenical Temple.
  3745 | D:6      | Noticed Maggie
  3836 | D:6      | Found Meupleamn's General Store.
  3842 | D:6      | Reached skill level 5 in Fighting
  3842 | D:6      | Reached XP level 8. HP: 41/55 MP: 8/8
  3998 | Temple   | Entered the Ecumenical Temple
  4023 | Temple   | Became a worshipper of Gozag Ym Sagoz the Greedy
  4421 | D:6      | Found Guzoic's Jewellery Boutique.
  4623 | D:6      | Noticed Pikel
  4684 | D:7      | Noticed Dowan
  4703 | D:7      | Killed Dowan
  4929 | D:7      | Noticed Duvessa
  4939 | D:7      | Slain by Duvessa

Illustrated notes

Levels and vault maps discovered:
D:1:      scummos_arrival_hexagon, layout_loops_cross, serial_shops,
          nicolae_shop_hallway_plus, minmay_misc_feat_square
D:2:      layout_basic, uniq_robin
D:3:      layout_rooms, serial_shops, nicolae_shop_industrial_runoff, shop,
          shop, shop, minmay_misc_feat_rows
D:4:      layout_rooms, hellmonk_guarded_unrand_hermit
D:5:      layout_loops_ring, glass_columns_a
D:6:      layout_gridville, nicolae_overflow_hidden_temple,
          minmay_temple_entry_mist, serial_shops, shop, grunt_ministairs_5,
          nicolae_stop_n_shop_1, uniq_pikel, uniq_maggie
D:7:      layout_gridville, uniq_duvessa, uniq_crazy_yiuf_cottage
Temple:   nicolae_temple_bog_church

Skill      XL: |  1  2  3  4  5  6  7  8 |
---------------+-------------------------+-----
Shapeshifting  | 4 6 7 |  7.0
Fighting       | 5 7 |  7.0
Unarmed Combat | 4 |  4.7
Dodging        | |  2.3

Action                     |  1- 3 |  4- 6 |  7- 9 || total
---------------------------+-------+-------+-------++-------
  Melee: Unarmed           |    77 |    60 |    97 ||   234
         Constrict         |    21 |    18 |    28 ||    67
         Tentacles         |    13 |    14 |    31 ||    58
         Punch             |     1 |     4 |     8 ||    13
  Evoke: Wand              |       |       |     5 ||     5
    Use: Scroll            |       |     3 |     1 ||     4
         Potion            |       |     3 |     1 ||     4
   Stab: Sleeping          |     9 |     6 |     5 ||    20
         Paralysed         |       |       |     2 ||     2
 Armour: Skin              |    31 |    45 |    44 ||   120
  Dodge: Dodged            |    46 |    37 |    46 ||   129

Table legend: (Time is in decaauts)
 A = Elapsed time spent in this place.
 B = Non-inter-level travel time spent in this place.
 C = Inter-level travel time spent in this place.
 D = Time resting spent in this place.
 E = Time spent auto-exploring this place.
 F = Levels seen in this place.
 G = Mean time per level.
                   A        B        C        D        E       F      G
               +--------+--------+--------+--------+--------+-----+--------+
         Total |   4932 |   4109 |    823 |      0 |   3074 |   8 |  616.5 |
       Dungeon |   4887 |   4106 |    781 |      0 |   3074 |   7 |  698.1 |
        Temple |     44 |      2 |     42 |      0 |      0 |   1 |   44.0 |
               +--------+--------+--------+--------+--------+-----+--------+

Top non-repeatable levels by time:
     D:2: 963 daAuts
     D:5: 913 daAuts
     D:4: 908 daAuts
     D:6: 745 daAuts
     D:1: 616 daAuts
     D:3: 453 daAuts
     D:7: 286 daAuts
  Temple: 44 daAuts
